 Dungeon Crawl Stone Soup version bcrawl-1.23.1 (webtiles) character file.

Game seed: 5775202349175233321

1116 Gazerockf the Skirmisher (level 8, 0/106 HPs)
             Began as a Human Archaeologist on May 26, 2020.
             Was a Follower of Qazlal.
             Slain by mat's ghost (8 damage)
             ... on level 5 of the Dungeon.
             The game lasted 00:20:14 (7044 turns).

Gazerockf the Skirmisher (Human Archaeologist)      Turns: 7044, Time: 00:20:14

Health: 0/106      AC: 25    Str: 13    XL:     8   Next: 60%
Magic:  21/21      EV:  2    Int: 19    God:    Qazlal [*.....]
Gold:   61         SH:  1    Dex: 13    Spells: 13/13 levels left

rFire    . . .     SeeInvis .   q - +0 whip (venom)
rCold    . . .     Gourm    .   (no shield)
rNeg     + + +     Faith    .   (armour currently unavailable)
rPois    +         Spirit   .   (helmet currently unavailable)
rElec    .         Reflect  .   (cloak currently unavailable)
rCorr    .         Harm     .   (gloves currently unavailable)
MR       .....     Clarity  +   (boots currently unavailable) Stlth ++........NoTele +
                                (no amulet)
HPRegen  0.27/turn              m - +1 ring of protection
MPRegen  0.17/turn              f - ring "Qyegecw" {MP+9 Int+3}

@: tree-form, heavily drained
A: clarity, robust 1, strong 1
a: Renounce Religion


You were on level 5 of the Dungeon.
You worshipped Qazlal.
Qazlal was aware of your devotion.
You were not hungry.
You were a tree.
You visited 1 branch of the dungeon, and saw 5 of its levels.

You collected 285 gold pieces.
You spent 224 gold pieces at shops.

Inventory:

Hand Weapons
 a - a +0 whip
 q - a +0 whip of venom (weapon)
 v - a cursed -3 whip
 y - a +2 dire flail of draining
 A - a +0 morningstar
Missiles
 o - 136 javelins (quivered)
 z - 70 exploding tomahawks
Armour
 b - a +1 robe (melded)
 c - a +1 hat (melded)
 d - a +1 pair of boots (melded)
 h - a -1 medium shield
Jewellery
 f - the ring "Qyegecw" (right branch) {MP+9 Int+3}
   (You acquired it on level 3 of the Dungeon)

   [ring of magical power]

   It affects your intelligence (+3).
   It affects your magic capacity (+9).
 m - a +1 ring of protection (left branch)
Scrolls
 g - 4 scrolls of magic mapping
 l - 4 scrolls of teleportation {unknown}
 p - 5 scrolls of remove curse
 r - 2 scrolls of identify
 s - 3 scrolls of enchant armour {unknown}
 t - a scroll of immolation {unknown}
 u - a scroll of fear {unknown}
Potions
 i - a potion of agility {unknown}
 j - a potion of cancellation {unknown}
 k - a potion of degeneration {unknown}
 n - 2 potions of curing {unknown}
 w - a potion of haste {unknown}
Comestibles
 e - 6 rations {!d}


   Skills:
 - Level 6.8(5.4) Fighting
 + Level 1.7(0.4) Maces & Flails
 - Level 3.7(2.3) Armour
 - Level 5.1(3.7) Dodging
 + Level 4.0(2.6) Stealth
 + Level 3.2(1.9) Spellcasting


You had 13 spell levels left.
You didn't know any spells.
Your spell library was empty.

Dungeon Overview and Level Annotations

Branches:
Dungeon (5/12)
 Temple: D:4-7

Altars:
Qazlal

Shops:
D:5 !

Annotations:
D:5 mat's ghost, novice GrMA


Innate Abilities, Weirdness & Mutations

((You are partially covered in yellow scales. (AC +2)))
You possess an exceptional clarity of mind.
((Your flesh is heat resistant. (rF+)))
You are robust. (+10% HP)
Your muscles are strong. (Str +2)


Message History

Mat's ghost hits you but does no damage.
You closely miss mat's ghost.
Mat's ghost is heavily damaged.
Mat's ghost hits you but does no damage. x2
You hit mat's ghost.
Mat's ghost is heavily damaged.
Mat's ghost hits you.
* * * LOW HITPOINT WARNING * * *
You hit mat's ghost but do no damage.
Mat's ghost is heavily damaged.
Mat's ghost hits you but does no damage.
You barely miss mat's ghost.
Mat's ghost is heavily damaged.
Mat's ghost wails, "To die, to sleep, no more."
Mat's ghost hits you.
* * * LOW HITPOINT WARNING * * *
You miss mat's ghost.
Mat's ghost is heavily damaged.
Mat's ghost hits you!
You die...

............#....#....#
........)...#....#....#
............#....#....#
.###...##'####'###....#
.###...##..##.....#####
........#...'.....#...#
........+...#.....'...#
###'#########....#######
................♣W≈≈≈≈$≈
................☼#######
......................#
......................#
......................#
##......#####.........#
.#......# #.........#
.#......# #.....#####
.#......# #.....#


You could see mat's ghost.

Vanquished Creatures
  Edmund (D:5)
  A phantom (D:4)
  A sky beast (D:4)
  2 ogres
  A centaur (D:4)
  A water moccasin zombie (D:4)
  A crimson imp (D:4)
  A bullfrog zombie (D:4)
  2 hounds (D:4)
  An orc wizard (D:3)
  2 iguanas (D:4)
  A worker ant (D:4)
  14 adders
  3 gnolls (D:3)
  A howler monkey skeleton (D:5)
  2 oozes
  An adder zombie (D:5)
  6 worms
  A dart slug (D:2)
  9 leopard geckos
  8 orcs
  5 goblins
  11 hobgoblins
  11 jackals
  A quokka (D:5)
  5 bats
  3 frilled lizards
  9 kobolds
  5 rats
110 creatures vanquished.

Notes
Turn   | Place    | Note
-------+----------+-------------------------------------------
     0 | D:1      | Gazerockf the Human Archaeologist began the quest for the
                  | Orb.
     0 | D:1      | Reached XP level 1. HP: 15/15 MP: 1/1
   228 | D:1      | Reached skill level 2 in Fighting
   228 | D:1      | Reached XP level 2. HP: 22/22 MP: 2/2
   465 | D:1      | Reached XP level 3. HP: 21/28 MP: 3/3
   887 | D:2      | Found a stormy altar of Qazlal.
   904 | D:2      | Reached skill level 3 in Fighting
  1282 | D:2      | Reached XP level 4. HP: 20/35 MP: 4/4
  1838 | D:2      | Reached skill level 4 in Fighting
  2261 | D:2      | Became a worshipper of Qazlal Stormbringer
  2611 | D:3      | Reached XP level 5. HP: 18/43 MP: 5/5
  2611 | D:3      | Identified a scroll of acquirement
  2937 | D:3      | Identified the ring "Qyegecw" {MP+9 Int+3} (You acquired it
                  | on level 3 of the Dungeon)
  3062 | D:3      | Reached skill level 5 in Fighting
  3147 | D:3      | Reached * piety under Qazlal
  3182 | D:3      | Reached XP level 6. HP: 48/51 MP: 6/6
  3745 | D:4      | Reached skill level 1 in Armour
  4356 | D:4      | Reached skill level 1 in Spellcasting
  4535 | D:4      | Reached XP level 7. HP: 39/57 MP: 9/9
  4626 | D:4      | Reached skill level 6 in Fighting
  5295 | D:4      | Reached XP level 8. HP: 19/65 MP: 11/11
  5977 | D:5      | Entered Level 5 of the Dungeon
  6176 | D:5      | Noticed Edmund
  6194 | D:5      | Killed Edmund
  6194 | D:5      | Reached skill level 5 in Dodging
  6478 | D:5      | Found Bitosac's Distillery.
  6514 | D:5      | Bought a potion of mutation for 112 gold pieces
  6514 | D:5      | Bought a potion of mutation for 112 gold pieces
  6514 | D:5      | Gained mutation: Your spells are a little easier to cast,
                  | but a little less powerful. [potion of mutation]
  6514 | D:5      | Gained mutation: Your body sometimes deteriorates upon
                  | taking damage. [potion of mutation]
  6514 | D:5      | Gained mutation: You possess an exceptional clarity of
                  | mind. [potion of mutation]
  6515 | D:5      | Lost mutation: Your body sometimes deteriorates upon taking
                  | damage. [potion of mutation]
  6515 | D:5      | Lost mutation: Your spells are a little easier to cast, but
                  | a little less powerful. [potion of mutation]
  6515 | D:5      | Gained mutation: You are partially covered in molten
                  | scales. (AC +2) [potion of mutation]
  6515 | D:5      | Gained mutation: You evolve. [potion of mutation]
  6516 | D:5      | Lost mutation: You possess an exceptional clarity of mind.
                  | [potion of mutation]
  6516 | D:5      | Lost mutation: You evolve. [potion of mutation]
  6516 | D:5      | Gained mutation: You are agile. (Dex +2) [potion of
                  | mutation]
  6516 | D:5      | Gained mutation: You possess an exceptional clarity of
                  | mind. [potion of mutation]
  6517 | D:5      | Lost mutation: You are agile. (Dex +2) [potion of mutation]
  6517 | D:5      | Lost mutation: You are partially covered in molten scales.
                  | (AC +2) [potion of mutation]
  6517 | D:5      | Gained mutation: Your flesh is heat resistant. (rF+)
                  | [potion of mutation]
  6517 | D:5      | Gained mutation: You are robust. (+10% HP) [potion of
                  | mutation]
  6517 | D:5      | Gained mutation: Your muscles are strong. (Str +2) [potion
                  | of mutation]
  6517 | D:5      | Gained mutation: You are partially covered in yellow
                  | scales. (AC +2) [potion of mutation]
  6590 | D:5      | Found a runed translucent door.
  6592 | D:5      | Noticed mat's ghost (novice GrMA)
  7044 | D:5      | Slain by mat's ghost

Skill      XL: |  1  2  3  4  5  6  7  8 |
---------------+-------------------------+-----
Fighting       | 2 3 4 5 6 |  6.8
Armour         | 1 2 3 |  3.7
Spellcasting   | 1 2 3 |  3.2
Dodging        | 4 5 |  5.1
Stealth        | 4 |  4.0
Maces & Flails | |  1.7

Action                   |  1- 3 |  4- 6 |  7- 9 || total
-------------------------+-------+-------+-------++-------
Melee: Whip              |   117 |   242 |   255 ||   614
Throw: Javelin           |    28 |    23 |    17 ||    68
  Use: Scroll            |       |     5 |     1 ||     6
       Potion            |       |       |     7 ||     7
 Stab: Sleeping          |     4 |     2 |       ||     6
  Eat: Chunk             |     1 |    11 |     8 ||    20
Armor: Robe              |    24 |    75 |    41 ||   140
       Skin              |       |       |    37 ||    37
Dodge: Dodged            |    75 |   153 |   131 ||   359
Block: Other             |       |     3 |     7 ||    10
